 Dungeon Sprint DCSS version 0.21-a0-346-g330ab2c (webtiles) character file.

84 Kidiri the Skirmisher (level 4, -2/44 HPs)
             Began as a Draconian Berserker on Oct 5, 2017.
             Was a Believer of Trog.
             Splashed by an oklob sapling priest's acid (14 damage)
             ... in the Dungeon (Sprint IV: "Fedhas' Mad Dash").
             The game lasted 00:01:23 (257 turns).

Kidiri the Skirmisher (Draconian Berserker)          Turns: 257, Time: 00:01:24

Health: -2/44      AC: -3    Str: 20    XL:     4   Next: 23%
Magic:  3/4        EV: 14    Int:  7    God:    Trog [**....]
Gold:   68         SH:  0    Dex: 11    Spells: 3/3 levels left

rFire    . . .     SeeInvis .   a - +0 mace
rCold    . . .     Gourm    .   (no shield)
rNeg     . . .     Faith    .   (armour unavailable)
rPois    .         Spirit   .   (helmet restricted)
rElec    .         Reflect  .   (no cloak)
rCorr    .         Harm     .   (no gloves)
MR       .....     NoTele   +   (no boots)
Stlth    +.........             j - amulet of invisibility {+Inv}
HPRegen  0.14/turn              (no ring)
MPRegen  0.09/turn              (no ring)

@: corroded, berserk cooldown, very slightly contaminated, slowed, very slow
A: unfitting armour, cold-blooded, AC +5
a: Berserk, Trog's Hand, Burn Spellbooks, Renounce Religion, Evoke Invisibility


You were in the Dungeon.
You worshipped Trog.
Trog was pleased with you.
You were near starving.

You visited 1 branch You collected 68 gold pieces.

Inventory:

Hand Weapons
 a - a +0 mace (weapon)
Jewellery
 j - the amulet of invisibility (around neck) {+Inv}
   (You found it in the Dungeon)

   [amulet of nothing]

   It lets you turn invisible.
Scrolls
 h - a scroll of blinking
Potions
 c - a potion of curing
 d - 2 potions of heal wounds
 e - a potion of haste
 f - 2 potions of magic
 g - a potion of berserk rage
Comestibles
 b - a bread ration
 i - 3 chunks of flesh
 k - a meat ration


   Skills:
 * Level 5.8 Fighting
 * Level 5.3 Maces & Flails
 + Level 2.4 Throwing
 * Level 4.8 Dodging
 + Level 0.9 Evocations


You had 3 spell levels left.
You didn't know any spells.

Dungeon Overview and Level Annotations

Branches:
Dungeon (1/1)

Altars:
Cheibriados
Dithmenos
Elyvilon
Gozag
Hepliaklqana
Kikubaaqudgha
Makhleb
Nemelex Xobeh
Okawaru
Qazlal
Ru
Sif Muna
Trog
Uskayaw
Vehumet
Wu Jian
Xom
Yredelemnul
Zin
The Shining One
Beogh
Jiyva
Lugonu

Annotations:
D exclusion: oklob sapling


Innate Abilities, Weirdness & Mutations

Your plain brown scales are hard. (AC +5)
You cannot fit into any form of body armour.
You are cold-blooded and may be slowed by cold attacks.


Message History

The oklob sapling priest is moderately damaged.
You are no longer berserk.
Trog's vigour flows through your veins.
You are exhausted.
You feel yourself slow down.
The oklob sapling priest looks encouraged for a moment.
You hit the oklob sapling priest but do no damage.
The oklob sapling priest is moderately damaged.
Unknown command.
Press < or > to pray at altars.
You catch the helpless oklob sapling priest completely off-guard!
You hit the oklob sapling priest.
You tail-slap the oklob sapling priest, but do no damage.
The oklob sapling priest is moderately damaged.
You flicker back into view.
The oklob sapling priest spits acid at you.
The splash of acid hits you!
* * * LOW HITPOINT WARNING * * *
The acid corrodes you!
You are splashed with acid!
The acid burns!
You die...

#######################
..#.....#.⌠._._._._.⌠.#
..'.#(..'.._._._._._..+
..#.#...#..._._P@._...#
######+##.._._._._._..#
+...#._._._._._.⌠.#
#...###############
#####


You could see an oklob sapling priest.

Vanquished Creatures
  2 oklob saplings (D)
  A worker ant (D)
  A river rat (D)
  A rat (D)
5 creatures vanquished.

Notes
Turn   | Place    | Note
-------+----------+-------------------------------------------
     0 | D        | Kidiri the Draconian Berserker began the quest for the Orb.
     0 | D        | Reached XP level 1. HP: 19/19 MP: 1/1
     7 | D        | Reached skill level 1 in Throwing
     7 | D        | Reached XP level 2. HP: 27/27 MP: 2/2
    52 | D        | Noticed an oklob sapling
    54 | D        | Killed an oklob sapling
    54 | D        | Reached ** piety under Trog
    54 | D        | Reached skill level 5 in Fighting
    54 | D        | Reached XP level 3. HP: 36/36 MP: 3/3
    57 | D        | Found the amulet of invisibility {+Inv}
   115 | D        | Noticed an oklob sapling
   118 | D        | Killed an oklob sapling
   118 | D        | Reached skill level 5 in Maces & Flails
   118 | D        | Reached XP level 4. HP: 44/44 MP: 1/4
   240 | D        | Found an opulent altar of Gozag.
   240 | D        | Found a hazy altar of Hepliaklqana.
   240 | D        | Found a roughly hewn altar of Beogh.
   240 | D        | Found a snail-covered altar of Cheibriados.
   241 | D        | Found a viscous altar of Jiyva.
   241 | D        | Found a burning altar of Makhleb.
   241 | D        | Found a sparkling altar of Nemelex Xobeh.
   241 | D        | Found a sacrificial altar of Ru.
   241 | D        | Found a deep blue altar of Sif Muna.
   241 | D        | Found a bloodstained altar of Trog.
   241 | D        | Found an ornate altar of the Wu Jian Council.
   241 | D        | Found a shimmering altar of Xom.
   241 | D        | Found a basalt altar of Yredelemnul.
   242 | D        | Found an iron altar of Okawaru.
   242 | D        | Found a shadowy altar of Dithmenos.
   242 | D        | Found a glowing silver altar of Zin.
   243 | D        | Found an ancient bone altar of Kikubaaqudgha.
   243 | D        | Found a hide-covered altar of Uskayaw.
   244 | D        | Found a stormy altar of Qazlal.
   244 | D        | Found a white marble altar of Elyvilon.
   244 | D        | Found a glowing golden altar of the Shining One.
   245 | D        | Found a corrupted altar of Lugonu.
   245 | D        | Found a radiant altar of Vehumet.
   257 | D        | Splashed by an oklob sapling priest's acid

Vault maps used:
D:        dungeon_sprint_fedhas

Skill      XL: |  1  2  3 |
---------------+----------+-----
Fighting       | 4 5 |  5.8
Throwing       | 1 2 |  2.4
Dodging        | 3 4 |  4.8
Maces & Flails | 4 5 |  5.3
Evocations     | |  0.9

Action                   |  1- 3 |  4- 6 || total
-------------------------+-------+-------++-------
Melee: Mace              |    10 |     6 ||    16
       Tailslap          |     1 |     1 ||     2
Invok: Berserk           |     3 |     1 ||     4
 Abil: Evoke Invisibilit |     1 |     1 ||     2
 Stab: Invisible         |       |     2 ||     2
  Eat: Chunk             |       |     1 ||     1
Armor: Skin              |     1 |       ||     1
Dodge: Dodged            |     3 |       ||     3

Table legend:
 A = Spawn XP
 B = Non-spawn XP
 C = Spawn XP percentage of total XP
 D = Spawn monster count
 E = Non-spawn monster count
 F = Spawn count percentage of total count
 G = Total turns spent on level
                    A         B        C        D         E        F      G
               +---------+---------+-------+---------+---------+-------+---------
         Total |       0 |     120 |   0.0 |       0 |       5 |   0.0 |   257
               +---------+---------+-------+---------+---------+-------+---------
             D |       0 |     120 |   0.0 |       0 |       5 |   0.0 |   257
               +---------+---------+-------+---------+---------+-------+---------
